 Dungeon Crawl Stone Soup version 0.26.0-57-g60708a5e39 (webtiles) character file.

Game seed: 5484808382430914774

147 Gadfly the Cudgeller (level 5, -5/75 HPs)
             Began as an Ogre Gladiator on Feb 2, 2021.
             Slain by a goblin
             ... wielding a +0 dagger
             ... led by Robin
              (6 damage)
             ... on level 2 of the Dungeon.
             The game lasted 00:03:06 (2548 turns).

Gadfly the Cudgeller (Ogre Gladiator)               Turns: 2548, Time: 00:03:07

Health: -5/75      AC:  3    Str: 21    XL:     5   Next: 29%
Magic:  6/6        EV: 10    Int: 11    God:
Gold:   81         SH:  0    Dex: 10    Spells: 4/4 levels left

rFire    . . .     SeeInvis .   b - +4 whip
rCold    . . .     Faith    .   (no shield)
rNeg     . . .     Spirit   .   n - +0 robe
rPois    .         Reflect  .   c - +1 hat
rElec    .         Harm     .   (no cloak)
rCorr    .         Rampage  .   (gloves unavailable)
Will     .....                  (boots unavailable)
Stlth    ..........             (no amulet)
HPRegen  0.22/turn              (no ring)
MPRegen  0.10/turn              (no ring)

@: berserking, very quick
A: large, unfitting armour, clever 1, deformed body, strong 1, tough skin 1,
wild magic 1
a: no special abilities


You were on level 2 of the Dungeon.
You visited 1 branch of the dungeon, and saw 2 of its levels.

You collected 81 gold pieces.

Inventory:

Hand Weapons
 a - a +0 flail
 b - a +4 whip (weapon)
Missiles
 d - 3 throwing nets (quivered)
 f - 77 stones
 g - 8 boomerangs
Armour
 c - a +1 hat (worn)
 n - a +0 robe (worn)
Jewellery
 o - an uncursed ring of ice
Potions
 k - a potion of lignification {unknown}
 l - a potion of resistance {unknown}
 m - a potion of curing {unknown}


   Skills:
 - Level 2.6 Fighting
 + Level 3.0 Maces & Flails
 + Level 2.5 Throwing
 * Level 1.7 Armour
 - Level 2.6 Dodging
 * Level 2.5 Invocations
 * Level 1.7 Evocations


You had 4 spell levels left.
You didn't know any spells.
Your spell library was empty.

Dungeon Overview and Level Annotations

Branches:
Dungeon (2/15)

Altars:

Annotations:
D:2 Robin


Innate Abilities, Weirdness & Mutations

You are too large for most types of armour.
You have tough skin. (AC +1)
Your mind is acute. (Int +2)
Armour fits poorly on your strangely shaped body.
Your muscles are strong. (Str +2)
Your spells are a little harder to cast, but a little more powerful.


Message History

The goblin hits you with a +0 dagger.
* * * LOW HITPOINT WARNING * * *
The goblin hits you but does no damage. The hobgoblin closely misses you.
You aren't carrying any scrolls.
Unknown command.
It was a potion of mutation.
You feel extremely strange.
You feel clever.
You feel stronger.
Your body twists and deforms.
You feel less in control of your magic.
The goblin no longer looks unusually strong.
The hobgoblin hits you with a +0 club.
* * * LOW HITPOINT WARNING * * *
The goblin barely misses you. The hobgoblin closely misses you.
The goblin hits you but does no damage. The hobgoblin misses you.
It was a potion of berserk rage.
A red film seems to cover your vision as you go berserk!
You feel yourself moving faster!
You feel mighty! The hobgoblin hits you with a +0 club.
* * * LOW HITPOINT WARNING * * *
The goblin hits you with a +0 dagger.
You die...

.......... ... #...#
.........###... ###...#
...............# #.....#
...............#. #...#
.#..#............ #|.<#
....#>.........#.###...#
.............#gg..#..)##
....#........##g#g..###
.............##g@g.##
......g..##....#gg>.#
.....g§g...#.#..<##.#
#......g#.....)...#.#
.....§<..##.........####
.###.#........##.......# ##
#...........##.#..#.##### #
#..##.....>.............#
####..####.........).......#


You could see Robin, 3 hobgoblins and 4 goblins.

Vanquished Creatures
  Natasha (thrice) (D:1)
  3 gnolls
  A worm (D:2)
  2 leopard geckos (D:2)
  A giant cockroach (D:2)
  6 hobgoblins
  4 jackals (D:1)
  2 quokkas
  2 ball pythons (D:1)
  3 bats
  2 frilled lizards
  7 goblins
  3 rats
39 creatures vanquished.

Notes
Turn   | Place    | Note
-------+----------+-------------------------------------------
     0 | D:1      | Gadfly the Ogre Gladiator began the quest for the Orb.
     0 | D:1      | Reached XP level 1. HP: 22/22 MP: 1/1
   170 | D:1      | Reached XP level 2. HP: 25/29 MP: 2/2
   592 | D:1      | Reached skill level 1 in Invocations
  1005 | D:2      | Reached skill level 1 in Evocations
  1005 | D:2      | Reached XP level 3. HP: 21/36 MP: 2/4
  1248 | D:1      | Reached skill level 1 in Armour
  1354 | D:2      | Reached XP level 4. HP: 39/44 MP: 5/5
  1725 | D:2      | Noticed Natasha
  1726 | D:2      | Noticed Robin
  1744 | D:1      | Killed Natasha
  1745 | D:1      | Reached skill level 3 in Maces & Flails
  2263 | D:1      | Noticed Natasha
  2276 | D:1      | Killed Natasha
  2277 | D:1      | Reached XP level 5. HP: 41/50 MP: 6/6
  2343 | D:1      | Noticed Natasha
  2358 | D:1      | Killed Natasha
  2547 | D:2      | Gained mutation: Your mind is acute. (Int +2) [potion of
                  | mutation]
  2547 | D:2      | Gained mutation: Your muscles are strong. (Str +2) [potion
                  | of mutation]
  2547 | D:2      | Gained mutation: Armour fits poorly on your strangely
                  | shaped body. [potion of mutation]
  2547 | D:2      | Gained mutation: Your spells are a little harder to cast,
                  | but a little more powerful. [potion of mutation]
  2548 | D:2      | HP: 1/75 [hobgoblin/+0 club[Robin] (4)]
  2548 | D:2      | Slain by a goblin

Illustrated notes

Levels and vault maps discovered:
D:1:      enne_arrival_octagon_isle, layout_basic, minmay_crystal_water
D:2:      layout_rooms, lemuel_round_altar, overflow_temple_1_default,
          uniq_robin, uniq_natasha

Skill      XL: |  1  2  3  4 |
---------------+-------------+-----
Invocations    | 1 2 |  2.5
Evocations     | 1 |  1.7
Armour         | 1 |  1.7
Maces & Flails | 3 |  3.0
Fighting       | |  2.6
Throwing       | |  2.5
Dodging        | |  2.6

Action                   |  1- 3 |  4- 6 || total
-------------------------+-------+-------++-------
Melee: Flail             |    31 |       ||    31
       Whip              |    37 |    57 ||    94
  Use: Scroll            |     6 |     1 ||     7
       Potion            |     1 |     2 ||     3
Armor: Robe              |    28 |    17 ||    45
Dodge: Dodged            |    47 |    41 ||    88
